 Dungeon Crawl Stone Soup version 0.15-a0-734-g2b8d6ef (console) character file.

1263 Plastic the Grappler (level 8, -1/74 HPs)
             Began as a Troll Monk on May 11, 2014.
             Was an Initiate of Gozag.
             Slain by a killer bee (8 damage)
             ... on Level 7 of the Dungeon.
             The game lasted 00:09:54 (2278 turns).

Plastic the Grappler (Troll Monk)                   Turns: 2278, Time: 00:09:55

HP  -1/74        AC  7     Str 20      XL: 8   Next: 27%
MP   3/3         EV 11     Int  6      God: Gozag
Gold 65          SH  0     Dex 14      Spells:  0 memorised,  7 levels left

rFire  . . .     SeeInvis .       - Unarmed
rCold  . . .     Clarity  .     A - +2 robe
rNeg   . . .     Conserve .     (shield restricted)
rPois  .         rCorr    .     (helmet restricted)
rElec  .         rRot     .     (no cloak)
SustAb . .       Spirit   .     (gloves unavailable)
rMut   .         Warding  .     (boots unavailable)
Gourm  +         Stasis   .     (no amulet)
MR     .....                    (no ring)
                                (no ring)

@: lethally poisoned, not resistant to hostile enchantments, unstealthy
A: unfitting armour, claws 3, fast metabolism 3, gourmand, regeneration 2,
saprovore 2, shaggy fur 1, tough skin 2
a: Potion Petition, Call Merchant, Bribe Branch, Renounce Religion


You were on level 7 of the Dungeon.
You worshipped Gozag.
Gozag was noncommittal.
You were full.

You visited 2 branches of the dungeon, and saw 8 of its levels.
You also visited: Sewer.

You collected 164 gold pieces.
You paid 99 gold pieces to Gozag.

Inventory:

Hand weapons
 h - a +0,+0 giant spiked club
 x - a +1,+3 flail of crushing
Armour
 a - a +0 robe
 w - a +0 robe
 y - a +0 robe
 z - a +1 robe
 A - a +2 robe (worn)
Magical devices
 t - a wand of disintegration (11)
Comestibles
 d - a pear
 n - a bread ration
 o - 7 grapes
 p - 2 sultanas
 q - 2 apples
 r - an apricot
Scrolls
 e - a scroll of immolation
 j - a scroll of magic mapping
 l - 2 scrolls of teleportation
 m - a scroll of enchant armour
 u - a scroll of fear
Jewellery
 b - an uncursed ring of ice
Potions
 c - 2 potions of berserk rage
 f - 2 potions of curing {unknown}
 g - a potion of lignification {unknown}
 i - a potion of heal wounds {unknown}
 s - 2 potions of restore abilities {unknown}
 v - a potion of confusion


   Skills:
 - Level 2.4 Fighting
 * Level 3.6 Dodging
 - Level 1.1 Stealth
 + Level 10.2 Unarmed Combat


You had 7 spell levels left.
You didn't know any spells.

Dungeon Overview and Level Annotations

Branches:
Dungeon (7/15)             Temple (1/1) D:6

Altars:
Ashenzari
Cheibriados
Fedhas
Gozag
Makhleb
Okawaru
Qazlal
Trog
Vehumet
Yredelemnul
Zin

Shops:
D:4 %


Innate Abilities, Weirdness & Mutations

You are too large for most types of armour.
You have claws for hands.
Your metabolism is lightning-fast.
You like to eat raw meat.
You heal very quickly.
You can eat rotten meat.
You are covered in fur (AC +1).
You have very tough skin (AC +2).


Message History

You barely miss the killer bee. You claw the killer bee.
You kill the killer bee!
You feel sick.
The killer bee stings you but does no damage.
You closely miss the killer bee. Your punch misses the killer bee.
You feel sick. The killer bee barely misses you.
You closely miss the killer bee.
You feel sick. The killer bee closely misses you. The killer bee stings you.
* * * LOW HITPOINT WARNING * * *
You are lethally poisoned!
The killer bee poisons you!
You claw the killer bee!
The killer bee is severely wounded.
* * * LOW HITPOINT WARNING * * *
You feel sick. The killer bee stings you.
* * * LOW HITPOINT WARNING * * *
You are more poisoned.
The killer bee poisons you! The killer bee stings you!
You die...
Your body crumbles into a pile of gold.

. $ ..... ..... ....
######.. ##......####
#######+# #..........#
#........
+........!y###........#
#.....<...Z'.#@.....!.+
#..........#Zy........#
#..........###........
#..........# #........
##+######### ##+######


You could see a killer bee and a giant gecko zombie.

Vanquished Creatures
  Prince Ribbit (D:6)
  A sky beast (D:5)
  An ogre (D:3)
  2 giant frogs (Sewer)
  4 wights (D:5)
  2 killer bees (D:7)
  A hippogriff skeleton (D:5)
  A troll skeleton (D:6)
  A hound (D:5)
  2 orc wizards
  Natasha (twice) (D:6)
  A worker ant (D:4)
  An ogre zombie (D:6)
  8 adders
  A gnoll (D:5)
  A shadow imp (D:5)
  7 giant mites (Sewer)
  An inept feature mimic (D:3)
  A worm (D:3)
  An adder skeleton (D:5)
  9 giant geckos
  5 orcs
  13 ball pythons
  3 bats
  6 goblins
  5 hobgoblins
  4 jackals (D:3)
  A kobold (D:2)
  4 quokkas
  17 giant cockroaches
  14 giant newts
  2 rats
123 creatures vanquished.

Notes
Turn   | Place    | Note
--------------------------------------------------------------
     0 | D:1      | Plastic, the Troll Monk, began the quest for the Orb.
     0 | D:1      | Reached XP level 1. HP: 22/22 MP: 1/1
   127 | D:2      | Reached XP level 2. HP: 26/29 MP: 1/1
   188 | D:3      | Noticed an ogre
   198 | D:3      | Killed an ogre
   198 | D:3      | Reached skill level 5 in Unarmed Combat
   198 | D:3      | Reached XP level 3. HP: 36/36 MP: 2/2
   198 | D:3      | Reached XP level 4. HP: 44/44 MP: 2/2
   505 | D:3      | Reached XP level 5. HP: 50/50 MP: 2/2
   894 | D:4      | Reached skill level 6 in Unarmed Combat
   924 | D:4      | Found Qyoroug's Food Shoppe.
  1018 | D:4      | Found a shattered altar of Ashenzari.
  1020 | D:4      | Found a blossoming altar of Fedhas.
  1023 | D:4      | Found a burning altar of Makhleb.
  1148 | D:5      | Entered Level 5 of the Dungeon
  1267 | D:5      | Noticed a sky beast
  1296 | D:5      | Killed a sky beast
  1296 | D:5      | Reached skill level 7 in Unarmed Combat
  1296 | D:5      | Reached XP level 6. HP: 17/59 MP: 3/3
  1501 | D:5      | Reached skill level 8 in Unarmed Combat
  1507 | D:5      | Reached XP level 7. HP: 38/66 MP: 3/3
  1584 | D:5      | Found a bloodstained altar of Trog.
  1585 | D:5      | Found an iron altar of Okawaru.
  1629 | D:6      | Noticed Prince Ribbit
  1635 | D:6      | Killed Prince Ribbit
  1635 | D:6      | Reached skill level 9 in Unarmed Combat
  1670 | D:6      | Found a glowing drain.
  1746 | Sewer    | Entered a sewer
  2080 | Sewer    | Reached XP level 8. HP: 51/74 MP: 3/3
  2094 | Sewer    | Reached skill level 10 in Unarmed Combat
  2120 | D:6      | Found a staircase to the Ecumenical Temple.
  2124 | D:6      | Noticed Natasha
  2130 | D:6      | Killed Natasha
  2193 | Temple   | Entered the Ecumenical Temple
  2209 | Temple   | Became a worshipper of Gozag Ym Sagoz the Greedy
  2235 | D:6      | Noticed Natasha
  2239 | D:6      | Killed Natasha
  2278 | D:7      | Slain by a killer bee

Action                   |  1- 3 |  4- 6 |  7- 9 || total
-------------------------+-------+-------+-------++-------
Melee: Unarmed           |    19 |   104 |    34 ||   157
       Flail             |       |    12 |   181 ||   193
Evoke: Wand              |       |       |     6 ||     6
  Use: Scroll            |       |     6 |     3 ||     9
 Stab: Sleeping          |       |     1 |     2 ||     3
